 Dungeon Crawl Stone Soup version 0.17-a0-1409-ge6d9485 (webtiles) character file.

105 Fluffy the Cudgeler (level 4, -3/28 HPs)
             Began as a Gargoyle Fighter on June 22, 2015.
             Killed from afar by an orc wizard (8 damage)
             ... with a puff of flame
             ... on level 3 of the Dungeon.
             The game lasted 00:03:36 (1719 turns).

Fluffy the Cudgeler (Gargoyle Fighter)              Turns: 1719, Time: 00:03:36

Health: -3/28      AC: 11    Str: 20    XL:     4   Next: 83%
Magic:  4/4        EV:  7    Int:  8    God:
Gold:   97         SH:  9    Dex: 10    Spells: 0 memorised, 3 levels left

rFire  . . .     SeeInvis .     a - +0 flail
rCold  . . .     Clarity  .     b - +0 scale mail
rNeg   + . .     SustAt   .     c - +0 shield
rPois  ∞         Gourm    .     (no helmet)
rElec  +         Spirit   .     k - +0 cloak
rCorr  .         Warding  .     (no gloves)
rMut   .         Stasis   .     (no boots)
MR     .....                    (no amulet)
Stlth  ..........               (no ring)
                                (no ring)

@: not resistant to hostile enchantments, extremely unstealthy
A: negative energy resistance 1, electricity resistance, unbreathing,
petrification resistance, rot immunity, AC +3
a: no special abilities


You were on level 3 of the Dungeon.
You were not hungry.

You visited 1 branch of the dungeon, and saw 3 of its levels.

You collected 97 gold pieces.

Inventory:

Hand weapons
 a - a +0 flail (weapon)
Armour
 b - a +0 scale mail (worn)
 c - a +0 shield (worn)
 k - a +0 cloak (worn)
Magical devices
 o - a wand of confusion (22)
Scrolls
 g - a scroll of enchant armour {unknown}
 h - 2 scrolls of identify {unknown}
 p - a scroll of blinking {unknown}
 q - a scroll of recharging {unknown}
 s - a scroll of remove curse {unknown}
Potions
 d - a potion of might
 f - a potion of flight {unknown}
 i - a potion of haste {unknown}
 j - 2 potions of curing {unknown}
 r - a potion of cancellation {unknown}
Comestibles
 e - 3 bread rations
 l - a beef jerky
 m - a meat ration


   Skills:
 - Level 3.2 Fighting
 + Level 4.8 Maces & Flails
 - Level 3.2 Armour
 - Level 3.2 Shields


You had 3 spell levels left.
You didn't know any spells.

Dungeon Overview and Level Annotations

Branches:
Dungeon (3/15)

Altars:


Innate Abilities, Weirdness & Mutations

You are resistant to torment.
Your stone body is resilient (AC +3).
You are immune to poison.
You resist negative energy.
You are resistant to electric shocks.
You can survive without breathing.
You are immune to petrification.
You are immune to rotting.


Message History

The orc wizard casts a spell at you. The magic dart hits you!
* * * LOW HITPOINT WARNING * * *
The orc wizard's eyes start to glow.
Your shield and scale mail prevent you from hitting the orc wizard.
The orc wizard is heavily wounded.
The orc wizard casts a spell.
You feel troubled.
You hit the orc wizard.
The orc wizard is severely wounded.
The orc wizard casts a spell.
The orc wizard flickers and vanishes!
Deactivating autopickup; reactivate with Ctrl-A.
You miss something. Something hits you but does no damage.
Something hits you but does no damage.
You closely miss something.
You hear some strange, mumbled words.
A puff of flame appears from out of thin air!
The puff of flame hits you!
You die...

#.# #..#.#
....### ..
#..#.#
.......##.#
#..<.# ......#
o. #....# #...(#
#.##....# #....#
#..#....# #....#
#.#....#
#....####....###
#......@{o...#
#....#####.#.#
#....# ......
#....# #...###
#....# ##..#
#....# ..#
#....# .S#
#....# .>#
#....#


You could see an orc.

Vanquished Creatures
  3 gnolls (D:2)
  2 adders
  2 worms (D:2)
  3 giant geckos
  3 orcs
  A ball python (D:2)
  8 bats
  2 goblins (D:2)
  6 hobgoblins
  4 quokkas (D:2)
  9 giant newts
  4 kobolds
  2 rats
49 creatures vanquished.

Vanquished Creatures (others)
  An orc wizard (D:3)
1 creature vanquished.

Grand Total: 50 creatures vanquished

Notes
Turn   | Place    | Note
--------------------------------------------------------------
     0 | D:1      | Fluffy the Gargoyle Fighter began the quest for the Orb.
     0 | D:1      | Reached XP level 1. HP: 14/14 MP: 1/1
   464 | D:1      | Reached XP level 2. HP: 16/19 MP: 2/2
   682 | D:1      | You fall through a shaft!
   873 | D:2      | Reached XP level 3. HP: 23/23 MP: 3/3
   982 | D:2      | Reached skill level 4 in Maces & Flails
   984 | D:2      | Reached XP level 4. HP: 28/28 MP: 4/4
  1719 | D:3      | Killed from afar by an orc wizard

Vault maps used:
D:1:      matt_arrival_debris
D:2:      first_bread
D:3:      nemelex_deck, grunt_dithmenos_smoke_and_mirrors

Action                   |  1- 3 |  4- 6 || total
-------------------------+-------+-------++-------
Melee: Flail             |    81 |   100 ||   181
  Eat: Chunk             |       |     3 ||     3
